 Dungeon Crawl Stone Soup version 0.26-a0-850-g97a50ab700 (webtiles) character file.

Game seed: 7867232721915125502

4927 miscthings the Severer (level 10, -1/77 HPs)
             Began as a Hill Orc Transmuter on Nov 20, 2020.
             Was an Elder of Okawaru.
             Slain by a two-headed ogre
             ... wielding a +0 giant club
              (25 damage)
             ... on level 8 of the Dungeon on Nov 21, 2020.
             The game lasted 00:15:47 (7660 turns).

miscthings the Severer (Hill Orc Transmuter)        Turns: 7660, Time: 00:15:48

Health: -1/77      AC: 10    Str: 17    XL:     10   Next: 52%
Magic:  12/12      EV: 12    Int: 15    God:    Okawaru [****..]
Gold:   362        SH:  0    Dex: 11    Spells: 9/12 levels left

rFire    . . .     SeeInvis .   o - +0 war axe
rCold    . . .     Faith    .   (no shield)
rNeg     . . .     Spirit   .   r - +0 troll leather armour {Purgy}
rPois    .         Reflect  .   (no helmet)
rElec    .         Harm     .   y - +0 cloak
rCorr    +         Rampage  .   h - +0 pair of gloves
MR       .....                  w - +2 pair of boots
Stlth    +.........             v - amulet of regeneration
HPRegen  1.02/turn              l - ring of resist corrosion
MPRegen  0.13/turn              (no ring)

@: no status effects
A: clever 1, shaggy fur 1
a: Heroism, Renounce Religion


You were on level 8 of the Dungeon.
You worshipped Okawaru.
Okawaru was greatly pleased with you.
You visited 2 branches of the dungeon, and saw 9 of its levels.
You also visited: Sewer.

You collected 362 gold pieces.

Inventory:

Hand Weapons
 n - a +1 whip of freezing
 o - a +0 war axe (weapon)
Missiles
 p - 8 atropa-tipped darts (quivered)
Armour
 h - a +0 pair of gloves (worn)
 j - a +0 kite shield
 r - a +0 troll leather armour (worn) {Purgy}
 w - a +2 pair of boots (worn)
 y - a +0 cloak (worn)
Jewellery
 l - a ring of resist corrosion (left hand)
 v - an amulet of regeneration (around neck)
Wands
 b - a wand of iceblast (12)
 f - a wand of acid (9)
 E - a wand of paralysis (3)
 G - a wand of flame (19)
Scrolls
 d - 10 scrolls of remove curse
 e - 2 scrolls of magic mapping {unknown}
 g - 2 scrolls of enchant weapon {unknown}
 i - 3 scrolls of teleportation
 m - 3 scrolls of amnesia {unknown}
 q - 2 scrolls of random uselessness {unknown}
 x - a scroll of enchant armour {unknown}
 A - a scroll of fog {unknown}
 D - a scroll of fear {unknown}
 H - 2 scrolls of blinking
Potions
 a - 3 potions of heal wounds
 c - a potion of flight
 k - a potion of mutation
 s - 2 potions of attraction
 t - a potion of cancellation
 u - 3 potions of magic {unknown}
 z - 3 potions of lignification {unknown}
 B - a potion of might {unknown}
 C - a potion of ambrosia {unknown}
 F - 2 potions of haste {unknown}


   Skills:
 + Level 3.4 Fighting
 - Level 16.0 Axes
 + Level 1.8 Throwing
 + Level 2.1 Armour
 + Level 2.3 Dodging
 + Level 2.1 Shields
 - Level 3.2 Unarmed Combat
 - Level 1.5 Spellcasting
 - Level 3.3 Transmutations
 + Level 2.5 Invocations
 + Level 2.1 Evocations


You had 9 spell levels left.
You knew the following spells:

 Your Spells              Type           Power        Failure   Level
a - Wereblood             Tmut           ##......     11%         2
b - Beastly Appendage     Tmut           ##....       7%          1

Your spell library contained the following spells:

 Spells                   Type           Power        Failure   Level
 Animate Skeleton         Necr           #.....       28%         1
 Apportation              Tloc           #.....       28%         1
 Corona                   Hex            #......      28%         1
 Summon Small Mammal      Summ           #...         28%         1
 Spider Form              Tmut/Pois      #.........   38%         3
 Ice Form                 Ice/Tmut       #.......     80%         4
 Blade Hands              Tmut           ##........   89%         5


Dungeon Overview and Level Annotations

Branches:
Dungeon (8/15)             Temple (1/1) D:6           Sewer (visited)
   Lair: D:8-11

Altars:
Ashenzari
Dithmenos
Elyvilon
Hepliaklqana
Makhleb
Nemelex Xobeh
Okawaru
Qazlal
Ru
Sif Muna
Trog
Uskayaw
Yredelemnul
Zin
The Shining One

Annotations:
D:4 3 runed translucent doors, CowFu's ghost, amateur DrTm


Innate Abilities, Weirdness & Mutations

Your mind is acute. (Int +2)
You are covered in fur. (AC +1)


Message History

You hit the orc warrior but do no damage.
The orc warrior is heavily wounded.
You barely miss the hound. The hound barely misses you.
The orc warrior hits you with a +0 mace!
* * * LOW HITPOINT WARNING * * *
You slash the orc warrior!
You kill the orc warrior!
Okawaru accepts your kill.
You slash the two-headed ogre!
Items here: ( ) [ †.
The helpless cyclops fails to defend itself.
You slice the cyclops!!
The cyclops is severely wounded.
The helpless cyclops fails to defend itself.
You slice the cyclops!!
You kill the cyclops!
Okawaru is honoured by your kill.
You hit the two-headed ogre.
The two-headed ogre hits you with a +0 giant club!!
You die...

......... #.# #.###.##. #.# #.###
#. .##.# #.. #..... #. #.#.. .#
#####'# #. .#.#.# .#. # ##...##
#.##..... .. ##.....## #.... ..
#.### ##.......## ##(## h# #.#.##
#.........####..@##.#######....##
+.........'..(...Oh..............
#.........####...##.####.##....##
#.......## ##.## .# #...##
##.....## ### .# # #..## ##...##
.# #.##..# ##'## ## #.....# #.#
####.## # #.# #.#####


You could see a two-headed ogre and a hound.

Vanquished Creatures
  A centaur warrior (D:8)
  2 cyclopes (D:8)
  Sigmund (D:2)
  A wyvern (D:8)
  Eustachio (D:4)
  A water moccasin (D:5)
  An ice beast (D:5)
  Purgy (Sewer)
  3 sky beasts (D:6)
  A necrophage (D:8)
  3 orc warriors
  2 ogres
  6 centaurs
  Blork the orc (D:4)
  4 bullfrogs
  A water moccasin zombie (D:7)
  A water moccasin skeleton (D:7)
  3 scorpions
  A howler monkey (D:8)
  A bullfrog zombie (D:6)
  2 bullfrog skeletons
  A centaur skeleton (D:6)
  2 centaur zombies
  2 jellies (D:6)
  2 hounds
  6 orc wizards
  4 orc priests
  5 iguanas
  10 worker ants
  A worker ant zombie (D:8)
  3 gnolls (D:6)
  5 adders
  4 river rats (D:3)
  A shadow imp (D:8)
  2 white imps
  An ooze (D:2)
  2 ufetubi
  3 worms
  5 leopard geckos
  40 orcs
  5 bats
  8 giant cockroaches
  8 goblins
  5 hobgoblins
  8 jackals
  6 quokkas
  4 frilled lizards
  A jackal skeleton (D:5)
  13 kobolds
  A leopard gecko zombie (D:5)
  A quokka skeleton (D:4)
  6 rats
203 creatures vanquished.

Vanquished Creatures (others)
  27 plants (D:8)
27 creatures vanquished.

Grand Total: 230 creatures vanquished

Notes
Turn   | Place    | Note
-------+----------+-------------------------------------------
     0 | D:1      | miscthings the Hill Orc Transmuter began the quest for the
                  | Orb.
     0 | D:1      | Reached XP level 1. HP: 16/16 MP: 3/3
   215 | D:1      | Reached XP level 2. HP: 15/23 MP: 2/4
   785 | D:1      | Reached XP level 3. HP: 23/28 MP: 5/5
  1223 | D:2      | Noticed Sigmund
  1368 | D:3      | Reached XP level 4. HP: 30/35 MP: 3/6
  1625 | D:3      | Reached skill level 1 in Axes
  1637 | D:3      | Reached XP level 5. HP: 24/41 MP: 5/7
  1646 | D:3      | Reached skill level 2 in Axes
  1696 | D:3      | Found a glowing drain.
  1743 | Sewer    | Entered a sewer
  1899 | Sewer    | Gained mutation: Your mind is acute. (Int +2) [potion of
                  | mutation]
  1899 | Sewer    | Gained mutation: You are covered in fur. (AC +1) [potion of
                  | mutation]
  1899 | Sewer    | Lost mutation: Your mind is acute. (Int +2) [potion of
                  | mutation]
  1899 | Sewer    | Gained mutation: Your mind is acute. (Int +2) [potion of
                  | mutation]
  1985 | Sewer    | Noticed Purgy
  1996 | Sewer    | Killed Purgy
  1997 | Sewer    | Reached skill level 4 in Axes
  1997 | Sewer    | Reached XP level 6. HP: 25/48 MP: 8/8
  2865 | D:4      | Found a glowing golden altar of the Shining One.
  2932 | D:4      | Reached skill level 5 in Axes
  3197 | D:4      | Noticed Eustachio
  3199 | D:4      | Noticed Blork the orc
  3206 | D:4      | Killed Eustachio
  3206 | D:4      | Killed Blork the orc
  3207 | D:4      | Reached skill level 7 in Axes
  3207 | D:4      | Reached XP level 7. HP: 52/55 MP: 9/9
  3229 | D:4      | Found a runed translucent gate.
  3229 | D:4      | Found a runed translucent gate.
  3229 | D:4      | Found a runed translucent gate.
  3232 | D:4      | Noticed CowFu's ghost (amateur DrTm)
  3618 | D:5      | Entered Level 5 of the Dungeon
  3623 | D:5      | Found a sacrificial altar of Ru.
  3648 | D:5      | Learned a level 2 spell: Wereblood
  3743 | D:5      | Reached skill level 8 in Axes
  3880 | D:5      | Reached skill level 9 in Axes
  4014 | D:5      | Found a shadowy altar of Dithmenos.
  4066 | D:5      | Reached XP level 8. HP: 22/61 MP: 8/10
  4362 | D:5      | Reached skill level 10 in Axes
  4631 | D:5      | Reached skill level 11 in Axes
  5139 | D:6      | Found a staircase to the Ecumenical Temple.
  5151 | Temple   | Entered the Ecumenical Temple
  5166 | Temple   | Became a worshipper of Warmaster Okawaru
  5709 | D:2      | Killed Sigmund
  5710 | D:2      | Reached skill level 12 in Axes
  5886 | D:6      | Reached XP level 9. HP: 67/67 MP: 11/11
  5933 | D:6      | Reached skill level 13 in Axes
  6011 | D:6      | Reached * piety under Okawaru
  6271 | D:6      | Reached skill level 14 in Axes
  6543 | D:7      | Found a hazy altar of Hepliaklqana.
  6578 | D:7      | Found a broken altar of Ashenzari.
  6582 | D:7      | Found a burning altar of Makhleb.
  6684 | D:7      | Found a stormy altar of Qazlal.
  6807 | D:7      | Reached skill level 15 in Axes
  6964 | D:7      | Found a bloodstained altar of Trog.
  7079 | D:7      | Reached ** piety under Okawaru
  7249 | D:8      | Reached XP level 10. HP: 51/73 MP: 12/12
  7294 | D:8      | Reached skill level 16 in Axes
  7499 | D:8      | Noticed a centaur warrior
  7499 | D:8      | Noticed a cyclops
  7499 | D:8      | Noticed a cyclops
  7499 | D:8      | Noticed a two-headed ogre
  7503 | D:8      | Noticed a four-headed hydra
  7516 | D:8      | Killed a cyclops
  7517 | D:8      | Reached skill level 1 in Throwing
  7517 | D:8      | Reached skill level 1 in Armour
  7517 | D:8      | Reached skill level 1 in Shields
  7517 | D:8      | Reached skill level 1 in Invocations
  7517 | D:8      | Reached skill level 1 in Evocations
  7529 | D:8      | Killed a centaur warrior
  7529 | D:8      | Reached *** piety under Okawaru
  7598 | D:8      | Found a shimmering blue altar of Sif Muna.
  7660 | D:8      | Killed a cyclops
  7660 | D:8      | Reached **** piety under Okawaru
  7660 | D:8      | Slain by a two-headed ogre

Illustrated notes

Levels and vault maps discovered:
D:1:      saegor_arrival_simple_a, layout_loops_cross, serial_bayou_pond_d,
          wander_ebering_terrifying_dragon_lair
D:2:      layout_loops_ring, kennysheep_crisscross, uniq_sigmund
D:3:      layout_loops_corners, portal_sewer_entry_a, minmay_misc_feat_pillars,
          hex_tiny
D:4:      layout_basic, ebering_ghost_rock_garden, tso_metal_star,
          uniq_blork_the_orc, uniq_eustachio
D:5:      layout_layer_cave, nicolae_dithmenos_the_darkroom,
          nicolae_ru_awakened_eye
D:6:      layout_loops_ring, minmay_temple_entry_tees
D:7:      layout_rooms, lightli_temple_of_fire, grunt_qazlal_clouds,
          grunt_temple_overflow_open, basic_altar
D:8:      minmay_the_grid_triangle_9x9_recursive_2
          [minmay_the_grid_triangle_9x9_prize_top_heavy,
          minmay_the_grid_triangle_9x9_limited_checkers,
          minmay_the_grid_triangle_9x9_cache,
          minmay_the_grid_triangle_9x9_stretched_checkered],
          layout_loops_corners, lemuel_round_altar, david_lair_shrubbed,
          minmay_misc_feat_four_crosses
Temple:   regret_index_temple_waves

Skill      XL: |  1  2  3  4  5  6  7  8  9 10 |
---------------+-------------------------------+-----
Transmutations | 2 3 |  3.3
Fighting       | 2 3 |  3.4
Axes           | 1 4 7 9 12 15 16 | 16.0
Throwing       | 1 |  1.8
Armour         | 2 |  2.1
Shields        | 2 |  2.1
Invocations    | 2 |  2.5
Evocations     | 2 |  2.1
Dodging        | 2 |  2.3
Unarmed Combat | |  3.2
Spellcasting   | |  1.5

Action                   |  1- 3 |  4- 6 |  7- 9 | 10-12 || total
-------------------------+-------+-------+-------+-------++-------
Melee: Unarmed           |    15 |       |       |       ||    15
       Kick              |    11 |    18 |    30 |       ||    59
       Short sword       |    66 |   134 |   168 |       ||   368
       Headbutt          |     5 |    16 |    21 |       ||    42
       Punch             |       |     2 |     3 |     2 ||     7
       War axe           |       |       |   317 |    94 ||   411
Throw: Boomerang         |       |     5 |     6 |       ||    11
 Cast: Beastly Appendage |    10 |    20 |    19 |       ||    49
       Wereblood         |       |       |     7 |       ||     7
Invok: Heroism           |       |       |       |     1 ||     1
Evoke: Wand              |       |     4 |     3 |     2 ||     9
  Use: Scroll            |       |     7 |     2 |     1 ||    10
       Potion            |       |     1 |     2 |       ||     3
 Stab: Sleeping          |     1 |     1 |       |       ||     2
       Paralysed         |       |       |       |     2 ||     2
Armor: Robe              |    10 |     3 |       |       ||    13
       Scale mail        |       |    40 |       |       ||    40
       Troll leather arm |       |    12 |   131 |    16 ||   159
Dodge: Dodged            |    68 |    93 |   249 |    39 ||   449

Table legend: (Time is in decaauts)
 A = Elapsed time spent in this place.
 B = Non-inter-level travel time spent in this place.
 C = Inter-level travel time spent in this place.
 D = Time resting spent in this place.
 E = Time spent auto-exploring this place.
 F = Levels seen in this place.
 G = Mean time per level.
                   A        B        C        D        E       F      G
               +--------+--------+--------+--------+--------+-----+--------+
         Total |   7621 |   7369 |    252 |   1176 |   4158 |  10 |  762.1 |
       Dungeon |   7161 |   6923 |    238 |    952 |   4145 |   8 |  895.1 |
        Temple |     29 |     15 |     14 |      0 |     13 |   1 |   29.0 |
         Sewer |    430 |    430 |      0 |    224 |      0 |   1 |  430.0 |
               +--------+--------+--------+--------+--------+-----+--------+

Top non-repeatable levels by time:
     D:5: 1560 daAuts
     D:3: 1117 daAuts
     D:1: 992 daAuts
     D:2: 878 daAuts
     D:4: 808 daAuts
     D:6: 747 daAuts
     D:7: 551 daAuts
     D:8: 506 daAuts
   Sewer: 430 daAuts
  Temple: 29 daAuts
